AoeStats
← QVQbuger

Nomad

507651455Analyzed
3v3 RM · 12d ago on Sep 19, 2026· 50m 32s· 6 players
Game mode
Random Map
Map size
210×210
Population
200
Speed
Normal
Resources
Standard
Victory
Conquest
Starting age
Dark Age
Ending age
Imperial Age
RankedLock teamsTeams togetherTeam positionsShared explorationLock speedFull tech treeHidden civsTurbo modeCheats
Victory
Defeat
🇧🇴 Huns · Bolivia
742
+8
🇺🇸 Italians · United States
598
+13
🇺🇸 Ethiopians · United States
301
+24
🇦🇷 Persians · Argentina
622
-19
🇨🇳 Spanish · China
520
-15
🇹🇷 Dravidians · Türkiye
413
-11
K1m Jong-un
4:35 Loom
16:29 Feudal Age
30:23 Gold Mining
30:24 Stone Mining
38:47 Castle Age
50:36 Double-Bit Axe
QVQbuger
5:27 Loom
15:51 Feudal Age
16:17 Horse Collar
16:37 Double-Bit Axe
20:37 Wheelbarrow
24:53 Castle Age
25:32 Husbandry
25:42 Bloodlines
28:54 Stone Mining
34:29 Forging
34:25 Scale Barding Armor
36:16 Iron Casting
37:54 Murder Holes
44:20 Bow Saw
49:04 Imperial Age
47:29 Chain Barding Armor
李靖
Alexander5663
Cpt. Awesome
3:31 Loom
14:18 Feudal Age
14:53 Stone Mining
15:11 Town Watch
15:26 Double-Bit Axe
15:10 Man-at-Arms
15:49 Town Watch
16:31 Arson
16:45 Gold Mining
19:01 Fishing Lines
21:06 Horse Collar
23:50 Scale Mail Armor
24:01 Forging
25:51 Wheelbarrow
25:52 Padded Archer Armor
26:30 Fletching
33:05 Castle Age
33:09 Pikeman
33:56 Squires
34:21 Bow Saw
34:17 Bodkin Arrow
34:39 Chain Mail Armor
33:47 Long Swordsman
35:24 Heavy Plow
35:07 Crossbowman
35:53 Thumb Ring
37:12 Leather Archer Armor
39:35 Fervor
39:49 Sanctity
40:09 Iron Casting
40:04 Treadmill Crane
40:21 Murder Holes
41:04 Iron Casting
43:11 Imperial Age
41:57 Ballistics
44:17 Iron Casting
44:27 Ring Archer Armor
44:36 Hoardings
44:23 Conscription
44:27 Clinker Construction
44:34 Gillnets
46:03 Chemistry
46:49 Carvel Hull
46:58 Caravan
47:21 Silk Road
48:16 Block Printing
48:38 Shipwright
48:34 Pirotechnia
50:26 Illumination
50:37 Theocracy
50:31 Hand Cart
Joshx567
12:40 Loom
15:39 Feudal Age
16:13 Double-Bit Axe
22:21 Castle Age
25:16 Fletching
28:44 Bodkin Arrow
30:19 Wheelbarrow
43:06 Imperial Age
41:00 Murder Holes
44:00 Ballistics
44:50 Parthian Tactics
48:23 Pikeman
Connection lost

Rejoining the realm…

Still unreachable

The connection could not be restored.

Session expired

The server has moved on; the page needs a fresh start.